 Dungeon Sprint DCSS version 0.31-a0-731-ga75f04deac (webtiles) character file.

Game seed: 18285724393600595200

8627 Conn the Eclecticist (level 11, 0/77 HPs)
             Began as an Octopode Fire Elementalist on Sept 12, 2023.
             Was a High Priest of Sif Muna.
             Blown up by a cacodemon (56 damage)
             ... with a bolt of energy
             ... in the Dungeon (Sprint II: "The Violet Keep of Menkaure").
             The game lasted 00:26:35 (2368 turns).

Conn the Eclecticist (Octopode Fire Elementalist)   Turns: 2368, Time: 00:26:36

Health: 0/77       AC:  1    Str: 11    XL:     11   Next: 33%
Magic:  20/30      EV: 14    Int: 21    God:    Sif Muna [*****.]
Gold:   621        SH:  0    Dex: 12    Spells: 15/40 levels left

rFire   + . .        g - staff of fire
rCold   . . .        (no shield)
rNeg    . . .        (helmet restricted)
rPois   .            p - amulet of faith
rElec   .            i - ring of willpower
rCorr   .            (no ring)
SInv    .            (no ring)
Will    +....        (no ring)
Stlth   ++++         (no ring)
HPRegen 0.32/turn    (no ring)
MPRegen 0.22/turn    (no ring)
                     (no ring)

%: no teleportation, faith
@: no status effects
A: almost no armour, amphibious, 8 rings, camouflage 1, gelatinous body 1,
(nimble swimmer 1), tentacles, mutation resistance 1, strong 1
a: Renounce Religion, Channel Magic, Forget Spell, Divine Exegesis


You were in the Dungeon.
You worshipped Sif Muna.
Sif Muna was extremely pleased with you.
You visited 1 branch You collected 1418 gold pieces.
You spent 797 gold pieces at shops.

Inventory:

Magical Staves
 g - a staff of fire (weapon)
 s - a staff of air
Jewellery
 i - a ring of willpower (left tentacle)
 p - an amulet of faith (around mantle)
Scrolls
 f - 3 scrolls of blinking
 k - 2 scrolls of fog
 l - a scroll of immolation
 m - a scroll of vulnerability
 o - a scroll of enchant armour
Potions
 a - 6 potions of magic
 b - 2 potions of curing
 d - 2 potions of enlightenment
 e - a potion of berserk rage
 h - 4 potions of resistance
 j - 2 potions of might
 n - 2 potions of lignification


   Skills:
 - Level 8.0 Fighting
 + Level 5.1 Dodging
 - Level 6.0 Stealth
 - Level 2.4 Unarmed Combat
 + Level 15.3 Spellcasting
 * Level 9.6 Conjurations
 + Level 3.4 Hexes
 + Level 4.3 Summonings
 + Level 4.5 Translocations
 + Level 12.8 Fire Magic
 * Level 9.8 Invocations


You had 15 spell levels left.
You knew the following spells:

 Your Spells              Type           Power      Damage    Failure   Level
a - Foxfire               Conj/Fire      100%       2x1d9     1%          1
b - Scorch                Fire           100%       2d9       1%          2
c - Inner Flame           Hex/Fire       66%        N/A       1%          3
d - Flame Wave            Conj/Fire      76%        2d17      1%          4
e - Summon Guardian Gole  Hex/Summ       32%        N/A       2%          3
f - Orb of Destruction    Conj           27%        9d9       52%         7
g - Summon Forest         Summ/Tloc      17%        N/A       17%         5

Your spell library contained the following spells:

 Spells                   Type           Power      Damage    Failure   Level
 Magic Dart               Conj           100%       1d8       1%          1
 Momentum Strike          Conj/Tloc      92%        3d10      1%          2
 Searing Ray              Conj           100%       2d8       1%          2
 Volatile Blastmotes      Fire/Tloc      100%       2d18      1%          3
 Sticky Flame             Conj/Fire      76%        2d9       1%          4
 Spellforged Servitor     Conj/Summ      22%        N/A       88%         7
 Lehudib's Crystal Spear  Conj/Erth      18%        10d5      100%        8
 Chain Lightning          Conj/Air       18%        3d24      100%        9
 Dragon's Call            Summ           17%        N/A       100%        9


Dungeon Overview and Level Annotations

Branches:
Dungeon (1/1)

Altars:
Cheibriados
Dithmenos
Elyvilon
Fedhas
Gozag
Hepliaklqana
Kikubaaqudgha
Makhleb
Nemelex Xobeh
Okawaru
Qazlal
Ru
Sif Muna
Trog
Uskayaw
Vehumet
Wu Jian
Xom
Yredelemnul
Zin
The Shining One
Jiyva
Lugonu

Shops:
D *:*!?[(![[==:=(?:

Annotations:
D exclusions: ice statue and oklob plant, Gastronok, Roxanne


Innate Abilities, Weirdness & Mutations

You cannot wear most types of armour.
You are amphibious.
You can wear up to eight rings at the same time.
Your skin changes colour to match your surroundings (Stealth+).
Your rubbery body absorbs attacks. (AC +1, EV +1)
((You are camouflaged when in or above water. (Stealth+)))
You have tentacles for arms and can constrict up to eight enemies at once.
You are somewhat resistant to further mutation.
Your muscles are strong. (Str +4, Int/Dex -1)


Message History

Casting: Foxfire (safe; 1% risk of failure)
Confirm with . or Enter, or press ? or * to list all spells.
You feel a surge of power!
Flames lash the shining eye.
You kill the shining eye!
Sif Muna accepts your kill.
You see here Sif Muna's Opusculum on Energetic Convocation {god gift}.
Sif Muna grants you a gift!
Unknown command.
Unknown command.
Unknown command.
You pick up Sif Muna's Opusculum on Energetic Convocation {god gift} and begin reading...
You add the spells Searing Ray, Chain Lightning and Dragon's Call to your library.
Your foxfire dissipates!
Your foxfire dissipates!
There is a staircase leading out of the dungeon, spattered with blood here.
Unknown command.
Unknown command.
You start resting.
Your foxfire dissipates!
A cacodemon comes into view.
Casting: Scorch (safe; 1% risk of failure)
Confirm with . or Enter, or press ? or * to list all spells.
A guardian golem appears, shielding your allies.
The cacodemon shouts!
The cacodemon gestures at the rock wall.
You hear a grinding noise.
You swap places.
Some rock shatters into small pieces.
There is an open door here.
Casting: Summon Guardian Golem (mildly dangerous; 2% risk of failure)
Confirm with . or Enter, or press ? or * to list all spells.
Aiming: Inner Flame (safe; 1% risk of failure)
Press: ? - help, Dir - move target, f - cacodemon
Aim: a cacodemon (moderately wounded)
You feel a surge of power!
The cacodemon is filled with an inner flame.
The cacodemon gestures at you.
The bolt of energy hits your guardian golem!!
The bolt of energy hits you!!!
Ouch! That really hurt!
You die...

..∩.∩...#~~~~##.#.##.####,,+.##.#
...∩.∩..#~~~~#.....#..§.#,,*...##
....∩.⌠.#~~####.2.####§.##**#^.##
...∩.∩..#~##.###'###.##..#,,+..#.
..∩.∩...#~#...##.##...#..#,,#..#.
.∩.∩....'~')#.'.9.'##.+..####..##
∩.......#~#...##.##.#.#....###...
▓▓▓▓▓▓###~##.###'###.##......~~~~
$YY######~~####.@.####~~.....~#'#
$FY#G.+,##~~~#.###.#~~§~~~~..~#..
∩PF+((#+*#†#~##.#.##~~~§§§~§§~#._
?.)#[##z*#.#~~##'##~~§≈§≈§~~~~#_.
!$.###z.,####~~~~~~~§§§§≈§≈~~~#._
#+###..§~~*,#+++#+++#~§≈≈§≈≈≈~#..
,,,**~~~~~*##.§~..~§##≈≈≈###≈≈#..
*+***,~~,~*#~§§~~~~§§##§≈#.#≈≈#..
,,,*+,~~~~§~§§~.8~~§§.'≈≈#'#≈≈#..


You could see a cacodemon (inner flame, ally target) and a friendly guardian
golem (summoned).

Vanquished Creatures
  A centaur warrior (D)
  A boulder beetle (D)
  A skeletal warrior (D)
  2 deep trolls (D)
  A shining eye (D)
  A merfolk siren (D)
  An elephant (D)
  2 polar bears (D)
  2 wyverns (D)
  2 neqoxecs (D)
  4 water moccasins (D)
  9 electric eels (D)
  A jelly (D)
  A hell rat (D)
  A tentacle (D)
30 creatures vanquished.

Vanquished Creatures (others)
  A kraken (D)
  Kirke (D)
  A yaktaur captain (D)
  A boulder beetle (D)
  A yaktaur (D)
  A kobold demonologist (D)
  A polar bear (D)
  A hornet (D)
  2 neqoxecs (D)
  Menkaure (D)
  132 foxfires (D)
  145 tentacles (D)
288 creatures vanquished.

Grand Total: 318 creatures vanquished

Notes
Turn   | Place    | Note
-------+----------+-------------------------------------------
     0 | D        | Conn the Octopode Fire Elementalist began the quest for the
                  | Orb.
     0 | D        | Reached XP level 1. HP: 11/11 MP: 3/3
     1 | D        | Noticed a neqoxec
     5 | D        | Noticed a neqoxec
     8 | D        | Gained mutation: You have hidden genetic defects. [a
                  | neqoxec]
    12 | D        | Killed a neqoxec
    13 | D        | Reached skill level 1 in Unarmed Combat
    13 | D        | Reached skill level 4 in Spellcasting
    13 | D        | Reached XP level 2. HP: 18/21 MP: 3/7
    13 | D        | Reached XP level 3. HP: 22/26 MP: 3/9
    13 | D        | Reached XP level 4. HP: 26/31 MP: 3/10
    13 | D        | Reached XP level 5. HP: 31/36 MP: 3/12
    18 | D        | Killed a neqoxec
    19 | D        | Reached skill level 5 in Spellcasting
    19 | D        | Reached XP level 6. HP: 25/44 MP: 3/14
    25 | D        | Gained mutation: You are frail. (-10% HP) [hidden defects]
   104 | D        | Learned a level 2 spell: Scorch
   108 | D        | Learned a level 3 spell: Inner Flame
   113 | D        | Learned a level 4 spell: Flame Wave
   126 | D        | Found a hazy altar of Hepliaklqana.
   126 | D        | Found a snail-covered altar of Cheibriados.
   126 | D        | Noticed a water moccasin
   127 | D        | Found a stormy altar of Qazlal.
   127 | D        | Found a viscous altar of Jiyva.
   127 | D        | Found a shadowy altar of Dithmenos.
   128 | D        | Found a sacrificial altar of Ru.
   128 | D        | Found an ancient bone altar of Kikubaaqudgha.
   128 | D        | Found a white marble altar of Elyvilon.
   129 | D        | Found an ornate altar of the Wu Jian Council.
   129 | D        | Found a shimmering blue altar of Sif Muna.
   129 | D        | Found a corrupted altar of Lugonu.
   130 | D        | Found a shimmering altar of Xom.
   130 | D        | Found a bloodstained altar of Trog.
   130 | D        | Found a burning altar of Makhleb.
   131 | D        | Found a glowing golden altar of the Shining One.
   131 | D        | Found a basalt altar of Yredelemnul.
   131 | D        | Found a hide-covered altar of Uskayaw.
   133 | D        | Found a glowing silver altar of Zin.
   133 | D        | Found a radiant altar of Vehumet.
   133 | D        | Found a blossoming altar of Fedhas.
   133 | D        | Found a sparkling altar of Nemelex Xobeh.
   134 | D        | Found an opulent altar of Gozag.
   134 | D        | Found an iron altar of Okawaru.
   136 | D        | Noticed a water moccasin
   137 | D        | Noticed a water moccasin
   138 | D        | Became a worshipper of Sif Muna the Loreminder
   150 | D        | Noticed a kraken
   151 | D        | Noticed a water moccasin
   338 | D        | Killed a neqoxec
   423 | D        | Killed a water moccasin
   424 | D        | Reached skill level 6 in Spellcasting
   424 | D        | Reached skill level 5 in Conjurations
   425 | D        | Killed a water moccasin
   426 | D        | Reached skill level 5 in Fighting
   426 | D        | Reached skill level 5 in Stealth
   426 | D        | Reached XP level 7. HP: 39/45 MP: 6/17
   437 | D        | Gained mutation: You occasionally shout uncontrollably at
                  | your foes. [hidden defects]
   437 | D        | Lost mutation: You have hidden genetic defects. [hidden
                  | defects expressed]
   508 | D        | Reached * piety under Sif Muna
   509 | D        | Reached skill level 7 in Spellcasting
   509 | D        | Noticed a flying skull
   510 | D        | Noticed a flying skull
   510 | D        | Noticed a flying skull
   511 | D        | Noticed a flying skull
   512 | D        | Noticed a flying skull
   512 | D        | Noticed a flying skull
   518 | D        | Killed a neqoxec
   544 | D        | Noticed a deep troll
   545 | D        | Noticed a deep troll
   559 | D        | Killed a deep troll
   560 | D        | Reached skill level 9 in Spellcasting
   560 | D        | Reached XP level 8. HP: 52/52 MP: 0/21
   583 | D        | Killed a deep troll
   584 | D        | Reached skill level 10 in Spellcasting
   584 | D        | Reached skill level 10 in Fire Magic
   584 | D        | Reached skill level 5 in Invocations
   708 | D        | Reached ** piety under Sif Muna
   710 | D        | Reached XP level 9. HP: 42/56 MP: 16/23
   717 | D        | Reached *** piety under Sif Muna
   750 | D        | Killed Menkaure
   764 | D        | Noticed a sixfirhy
   872 | D        | Noticed a sixfirhy
   874 | D        | Noticed a sixfirhy
   921 | D        | Noticed a dire elephant
   921 | D        | Noticed an orc sorcerer
   921 | D        | Noticed an orc sorcerer
   921 | D        | Noticed an orc sorcerer
   921 | D        | Noticed Gastronok
   934 | D        | Found Illuokhlu's Book Shoppe.
   935 | D        | Found Leisholu's Magic Scroll Boutique.
   935 | D        | Noticed Roxanne
   956 | D        | Reached **** piety under Sif Muna
  1002 | D        | Noticed a yaktaur
  1002 | D        | Noticed a hornet
  1002 | D        | Noticed a polar bear
  1017 | D        | Noticed a boulder beetle
  1018 | D        | Noticed a boulder beetle
  1024 | D        | Reached skill level 11 in Spellcasting
  1027 | D        | Killed a boulder beetle
  1092 | D        | Lost mutation: You are frail. (-10% HP) [potion of
                  | mutation]
  1092 | D        | Lost mutation: You occasionally shout uncontrollably at
                  | your foes. [potion of mutation]
  1092 | D        | Gained mutation: Your muscles are strong. (Str +4, Int/Dex
                  | -1) [potion of mutation]
  1092 | D        | Gained mutation: You are somewhat resistant to further
                  | mutation. [potion of mutation]
  1108 | D        | Reached skill level 12 in Spellcasting
  1118 | D        | Found Jaoshrimu's Antique Weapon Emporium.
  1119 | D        | Found Veurph's Book Emporium.
  1119 | D        | Found Plog's Jewellery Shoppe.
  1120 | D        | Found Uxalump's Antique Armour Emporium.
  1120 | D        | Found Finkib's Antique Armour Shoppe.
  1130 | D        | Found Moreret's Antique Armour Shoppe.
  1130 | D        | Found Qagucsov's Jewellery Shoppe.
  1130 | D        | Found Quliedde's Distillery.
  1131 | D        | Found Xitoplis's Jewellery Emporium.
  1131 | D        | Found Obrunlu's Magic Scroll Shoppe.
  1132 | D        | Found Wieheydi's Weapon Shoppe.
  1133 | D        | Found Pisoumeph's Distillery.
  1133 | D        | Found Neboi's General Store.
  1133 | D        | Noticed an oklob plant
  1134 | D        | Found Verasaol's Assorted Antiques.
  1134 | D        | Found Fagix's Book Shoppe.
  1136 | D        | Noticed a cane toad
  1136 | D        | Noticed a cane toad
  1142 | D        | Noticed a great orb of eyes
  1159 | D        | Bought a scroll of acquirement for 624 gold pieces
  1159 | D        | Acquired a staff of fire
  1170 | D        | Bought a steel ring for 110 gold pieces
  1189 | D        | Bought a potion of lignification for 33 gold pieces
  1197 | D        | Bought a potion of lignification for 30 gold pieces
  1214 | D        | Noticed a merfolk siren
  1217 | D        | Killed a merfolk siren
  1217 | D        | Reached ***** piety under Sif Muna
  1218 | D        | Reached skill level 5 in Dodging
  1244 | D        | Noticed an ice statue
  1251 | D        | Noticed Kirke
  1251 | D        | Noticed a yaktaur captain
  1251 | D        | Noticed a skeletal warrior
  1283 | D        | Learned a level 3 spell: Summon Guardian Golem
  1291 | D        | Learned a level 7 spell: Orb of Destruction
  1311 | D        | Noticed a polar bear
  1312 | D        | Noticed a polar bear
  1314 | D        | Killed a polar bear
  1315 | D        | Reached XP level 10. HP: 72/72 MP: 9/26
  1315 | D        | Paralysed by a hornet for 1 turns
  1326 | D        | Received a gift from Sif Muna
  1331 | D        | Reached skill level 13 in Spellcasting
  1335 | D        | Reached skill level 1 in Hexes
  1338 | D        | Got Veshrer's Tome of Kinetic Command {god gift}
  1345 | D        | Learned a level 5 spell: Summon Forest
  1377 | D        | Killed a boulder beetle
  1378 | D        | Reached skill level 1 in Summonings
  1378 | D        | Reached skill level 1 in Translocations
  2094 | D        | Killed a kraken
  2095 | D        | Reached skill level 14 in Spellcasting
  2276 | D        | Noticed a centaur warrior
  2277 | D        | Noticed a kobold demonologist
  2279 | D        | Killed Kirke
  2280 | D        | Reached XP level 11. HP: 77/77 MP: 9/29
  2282 | D        | Killed a yaktaur captain
  2288 | D        | Killed a skeletal warrior
  2289 | D        | Reached skill level 15 in Spellcasting
  2293 | D        | Killed a centaur warrior
  2296 | D        | Noticed a soul eater
  2354 | D        | Noticed a shining eye
  2360 | D        | Killed a shining eye
  2360 | D        | Received a gift from Sif Muna
  2361 | D        | Got Sif Muna's Opusculum on Energetic Convocation {god
                  | gift}
  2363 | D        | Noticed a cacodemon
  2368 | D        | Blown up by a cacodemon

Illustrated notes

Levels and vault maps discovered:
D:        the_violet_keep_of_menkaure [sprint2_stairs_cluster_1,
          sprint2_shoproom, sprint2_temple, sprint2_basic_supplies,
          sprint2_obstacle_6, sprint2_obstacle_7, sprint2_obstacle_2,
          sprint2_obstacle_1, sprint2_obstacle_5, sprint2_timed_cluster_1,
          sprint2_smallroom_cluster_1, sprint2_smallroom_final_cluster_1,
          sprint2_transparent_cluster_1, sprint2_second_timed_cluster_1,
          sprint2_sniper_area_1, sprint2_heavy_combat_area_1,
          sprint2_mutation_trap_area_1, sprint2_forest_area_1,
          sprint2_light_combat_area_1, sprint2_behind_water_1,
          sprint2_near_end_vault_1]

Skill      XL: |  1  2  3  4  5  6  7  8  9 10 11 |
---------------+----------------------------------+-----
Fighting       | 3 4 5 6 8 |  8.0
Dodging        | 3 4 5 |  5.1
Stealth        | 3 4 5 6 |  6.0
Unarmed Combat | 1 2 |  2.4
Spellcasting   | 4 5 6 9 10 12 14 15 | 15.3
Conjurations   | 3 4 5 6 7 8 9 |  9.6
Fire Magic     | 6 7 8 9 10 11 12 | 12.8
Invocations    | 2 4 6 7 9 |  9.8
Hexes          | 2 3 |  3.4
Summonings     | 3 4 |  4.3
Translocations | 3 4 |  4.5

Action                     |  1- 3 |  4- 6 |  7- 9 | 10-12 || total
---------------------------+-------+-------+-------+-------++-------
  Melee: Unarmed           |     9 |     5 |       |       ||    14
         Tentacles         |     2 |     1 |       |       ||     3
         Constrict         |     1 |     1 |       |       ||     2
   Cast: Scorch            |       |     4 |    32 |    38 ||    74
         Foxfire           |       |     1 |    17 |    76 ||    94
         Flame Wave        |       |       |     3 |       ||     3
         Inner Flame       |       |       |     2 |    13 ||    15
         Spellforged Servi |       |       |     1 |       ||     1
         Summon Guardian G |       |       |       |    16 ||    16
 Invoke: Divine Exegesis   |       |       |     1 |       ||     1
         Channel Magic     |       |       |       |     1 ||     1
    Use: Potion            |     2 |       |     6 |     2 ||    10
         Scroll            |       |       |     9 |       ||     9
 Armour: Skin              |     2 |     6 |    19 |    13 ||    40
  Dodge: Dodged            |     2 |     4 |    12 |     7 ||    25

Table legend: (Time is in decaauts)
 A = Elapsed time spent in this place.
 B = Non-inter-level travel time spent in this place.
 C = Inter-level travel time spent in this place.
 D = Time resting spent in this place.
 E = Time spent auto-exploring this place.
 F = Levels seen in this place.
 G = Mean time per level.
                   A        B        C        D        E       F      G
               +--------+--------+--------+--------+--------+-----+--------+
         Total |   2364 |   2358 |      6 |    959 |      0 |   1 | 2364.0 |
       Dungeon |   2364 |   2358 |      6 |    959 |      0 |   1 | 2364.0 |
               +--------+--------+--------+--------+--------+-----+--------+

Top non-repeatable levels by time:
       D: 2364 daAuts
